Map: Hardwire LE

Players

Lambo - Winner!

  • Race: Zerg Zerg
  • League: Grandmaster

Rattata (Vanya)

  • Race: Zerg Zerg
  • League: Master

Event: TSL 8

VOD

Have the link to the VOD?

Description

Time

  • Played on: Nov. 28, 2021, 8:28 a.m.
  • Length: 10:42

All games in this series

Show
View Real Time Build Order
Export as new Build Order

Lambo Zerg - Winner!

Build Orders: Hatch First, Roach Hydra 

Get SALT Encoding   

  12  0:00  Drone  
  13  0:12  Overlord  
  13  0:16  Drone  
  14  0:30  Drone x2  
  16  0:46  Hatchery  
  15  0:50  Drone  
  15  0:54  Drone  
  18  0:57  Drone  
  18  1:08  Extractor  
  17  1:12  Spawning Pool  
  17  1:15  Drone  
  17  1:18  Drone  
  18  1:27  Drone  
  19  1:38  Drone  
  20  1:48  Drone  
  21  1:58  Queen  
  21  1:59  Zergling x2, Queen  
  21  2:00  Overlord  
  26  2:07  Metabolic Boost  
  26  2:09  Drone  
  26  2:10  Drone  
  28  2:21  Drone, Zergling x2  
  30  2:30  Drone  
  30  2:34  Hatchery  
  30  2:39  Drone  
  30  2:41  Drone  
  32  2:45  Baneling Nest  
  32  2:48  Overlord  
  31  2:52  Drone  
  31  2:54  Drone  
  33  3:01  Queen  
  35  3:06  Zergling x2  
  35  3:10  Drone x3  
  39  3:14  Zergling x4  
  39  3:17  Overlord  
  40  3:20  Drone  
  40  3:23  Drone  
  40  3:24  Drone  
  43  3:29  Evolution Chamber  
  43  3:31  Baneling  
  43  3:32  Drone  
  43  3:40  Drone x2  
  45  3:44  Drone x5  
  45  3:46  Drone  
  51  3:49  Overlord  
  51  3:52  Drone  
  51  3:55  Zerg Missile Weapons Level 1  
  52  4:04  Drone  
  52  4:05  Drone x2  
  55  4:10  Overlord  
  55  4:12  Drone x3  
  55  4:14  Drone x2  
  60  4:20  Lair, Extractor  
  60  4:21  Extractor  
  58  4:25  Drone x3, Roach Warren  
  58  4:28  Drone x2  
  62  4:33  Drone x3  
  62  4:35  Drone  
  66  4:44  Pneumatized Carapace  
  65  4:45  Drone  
  65  4:46  Drone x2, Extractor  
  65  4:50  Overlord  
  65  4:51  Drone x3  
  70  4:55  Drone  
  70  4:58  Drone x3  
  73  5:04  Extractor  
  73  5:05  Extractor  
  71  5:08  Roach  
  71  5:09  Overlord  
  71  5:11  Hatchery, Overlord  
  71  5:13  Overlord  
  72  5:16  Drone x2  
  72  5:20  Overseer  
  72  5:21  Evolution Chamber  
  73  5:22  Baneling  
  73  5:23  Roach x3  
  73  5:25  Drone x2  
  73  5:27  Overlord  
  81  5:30  Drone x3  
  81  5:34  Glial Reconstitution  
  84  5:37  Roach x5  
  84  5:41  Roach x2  
  97  5:43  Overlord  
  97  5:50  Zerg Ground Armor Level 1  
  97  5:55  Drone, Hydralisk Den  
  97  6:01  Drone x5  
  97  6:02  Roach  
  103  6:07  Overlord  
  103  6:09  Roach x6  
  115  6:16  Overlord  
  115  6:17  Overlord  
  115  6:20  Overlord  
  115  6:23  Overlord, Extractor  
  115  6:24  Queen  
  115  6:25  Drone x3  
  119  6:26  Roach  
  119  6:29  Muscular Augments  
  119  6:30  Hydralisk x2  
  125  6:33  Hydralisk  
  125  6:37  Hydralisk x2  
  131  6:44  Hydralisk x3  
  131  6:46  Drone  
  138  6:48  Spore Crawler  
  138  6:49  Drone  
  138  6:50  Spore Crawler  
  138  6:51  Spore Crawler  
  138  6:52  Hydralisk  
  138  6:53  Spore Crawler  
  138  6:54  Roach  
  139  6:57  Roach x2  
  147  7:01  Roach x2  
  147  7:08  Hydralisk x2, Overlord  
  147  7:09  Roach x2  
  147  7:12  Ravager x2  
  147  7:13  Roach x2  
  161  7:17  Overlord  
  161  7:20  Overlord  
  161  7:22  Overlord  
  161  7:26  Overlord  
  161  7:35  Overlord  
  161  7:40  Grooved Spines  
  161  7:42  Roach  
  161  7:43  Roach x6  
  175  7:46  Roach x4  
  175  7:50  Roach x3  
  183  7:54  Roach x4  
  191  8:02  Overlord  
  191  8:03  Overlord  
  191  8:04  Ravager  
  192  8:06  Overlord  
  192  8:15  Roach  
  192  8:17  Roach x4  
  184  8:21  Roach x2  
  184  8:23  Roach x5  
  196  8:29  Ravager  
  196  8:30  Ravager x2  
  199  8:34  Ravager  
  200  8:43  Roach x2  
  198  8:59  Roach  
  198  9:05  Roach  
  200  9:13  Roach Warren  
  189  9:18  Roach  
  189  9:19  Roach x5  
  189  9:22  Roach x5  
  197  9:29  Roach  
  197  9:30  Roach x11  
  198  9:36  Roach x7  
  187  9:42  Roach x7  
  192  9:45  Roach x2  
  185  9:53  Roach x3  
  185  9:59  Roach x2  
  170  10:05  Roach  
  167  10:14  Hydralisk  
  165  10:15  Roach x2  
  165  10:18  Roach x2  
Show
View Real Time Build Order
Export as new Build Order

Rattata Zerg 

Build Orders: Hatch First 

Get SALT Encoding   

  12  0:00  Drone  
  13  0:12  Overlord  
  13  0:16  Drone  
  14  0:30  Drone x2  
  16  0:46  Hatchery  
  15  0:50  Drone  
  15  0:53  Drone  
  15  0:56  Drone  
  18  1:08  Extractor  
  17  1:12  Spawning Pool  
  17  1:15  Drone  
  17  1:18  Drone  
  18  1:28  Drone  
  19  1:38  Drone  
  20  1:49  Drone  
  21  1:58  Queen x2  
  21  1:59  Zergling x2  
  21  2:00  Overlord  
  26  2:08  Metabolic Boost  
  26  2:10  Drone  
  26  2:11  Zergling x2  
  28  2:20  Drone  
  28  2:22  Drone  
  30  2:32  Hatchery  
  30  2:34  Zergling x2  
  30  2:41  Queen  
  30  2:43  Drone  
  33  2:49  Baneling Nest  
  32  2:54  Overlord  
  32  2:56  Drone  
  33  2:59  Drone  
  33  3:02  Drone  
  35  3:07  Drone  
  36  3:13  Drone  
  36  3:15  Drone x2  
  36  3:16  Drone  
  36  3:19  Overlord  
  39  3:22  Zergling x2  
  39  3:23  Zergling x2  
  41  3:28  Zergling x2  
  41  3:29  Evolution Chamber  
  41  3:33  Baneling  
  41  3:34  Drone  
  41  3:37  Drone  
  43  3:41  Drone x3  
  43  3:46  Drone x3  
  49  3:51  Drone x2  
  51  3:56  Zerg Missile Weapons Level 1  
  51  4:02  Drone x2, Roach Warren  
  52  4:08  Overlord  
  52  4:12  Drone x2  
  52  4:16  Lair  
  54  4:18  Drone x2  
  54  4:22  Drone, Extractor  
  54  4:23  Drone x2, Extractor  
  57  4:26  Overlord  
  57  4:27  Drone  
  57  4:30  Drone x2  
  60  4:37  Drone  
  60  4:38  Drone  
  60  4:39  Drone x4  
  60  4:44  Overlord  
  65  4:45  Drone  
  65  4:50  Extractor  
  65  4:51  Drone x6, Extractor  
  70  4:54  Drone x2, Extractor  
  70  4:57  Drone x2  
  73  5:03  Drone  
  73  5:04  Drone x2  
  76  5:10  Drone  
  77  5:17  Drone, Spire  
  77  5:18  Hatchery  
  77  5:20  Glial Reconstitution  
  75  5:23  Overseer  
  75  5:28  Overlord  
  75  5:29  Roach x3  
  75  5:32  Overlord  
  81  5:39  Overlord  
  79  5:43  Drone  
  79  5:46  Drone x2  
  79  5:47  Drone x4  
  79  5:48  Overlord  
  86  5:50  Roach  
  86  5:53  Zerg Missile Weapons Level 2  
  86  5:56  Roach x3  
  93  6:04  Overlord  
  93  6:05  Extractor  
  93  6:09  Roach x7  
  106  6:14  Overlord  
  106  6:17  Ravager x3  
  109  6:20  Overlord x2  
  109  6:31  Mutalisk x5  
  119  6:34  Queen  
  119  6:36  Overlord  
  121  6:40  Roach  
  121  6:41  Roach x4  
  131  6:47  Overlord  
  131  6:49  Roach x4  
  139  6:55  Ravager x2  
  139  7:01  Overlord  
  141  7:05  Roach x8  
  141  7:08  Overlord  
  157  7:12  Overlord  
  157  7:16  Overlord x2  
  157  7:20  Ravager x2  
  157  7:21  Roach x5  
  169  7:28  Roach x4  
  177  7:32  Overlord  
  177  7:35  Roach x3  
  182  7:37  Ravager x2  
  182  7:41  Overseer  
  182  7:43  Drone x3  
  183  7:48  Roach x5  
  191  7:58  Roach x4  
  188  8:16  Roach x9  
  179  8:22  Hatchery, Roach  
  179  8:23  Roach x3  
  159  8:28  Roach x2  
  159  8:31  Ravager x5  
  168  8:35  Roach x3  
  168  8:40  Roach x3  
  180  8:44  Ravager  
  180  8:45  Roach x3  
  187  8:52  Overlord  
  187  8:54  Roach  
  187  8:55  Roach x3  
  192  8:58  Roach  
  181  9:04  Roach x5  
  181  9:09  Ravager x2  
  191  9:10  Ravager  
  191  9:12  Roach x2  
  165  9:26  Roach x10  
  165  9:29  Roach x2  
  162  9:37  Roach x2  
  149  9:41  Roach x2  
  140  9:47  Ravager  
  140  9:49  Roach  
  140  9:50  Roach x3  
  135  9:56  Roach x3  
  117  10:01  Roach  
  117  10:05  Roach x2  
  99  10:08  Ravager  
  99  10:13  Roach  
  99  10:14  Roach  
  96  10:19  Roach  
  92  10:22  Roach  
Tags
 
Add a new tag
Caveats
  • Supply blocks, unpowered buildings, or Contaminate may cause inaccurate times.
  • Supply counts are checked every 10 seconds.